Elbereth, lawful female human Valkyrie ----------- |.........| |.........| ------------- |.........| ###+...........+## |.........|#######|...........| # ---------------- -.-.-|----- ### #............| ### |..............| ##### = |...........|####### |..............| # ## ### |...........| #### ####......>........| ### ### # ------------- ## ## |..............| # ## ##` ## ####---------------- ## #`## # # # # --.-----.--#### ############### |.........| # -------- # # # ---------- |.........|### ####### |S@S....###################.........| |.........| # --.----# |SSS...|# # |........| |..........####|......#########...S...|# ##.........| ----------- #......|# --------# ---------- |.....|################## ------- Elbereth the Skirmisher Experience level: 4 Strength: 18 Dexterity: 11 Constitution: 18 Intelligence: 7 Wisdom: 9 Charisma: 8 Health: 0(43) Energy: 12(12) Def: 4 Gold: 1006 Moves: 2685 Dungeon seed: m1RTnhPwNvMYQI6M Game ID: Elbereth_1607502978 Your Inventory: Coins $ - 1006 gold pieces Weapons a - a +2 long sword (weapon in hand) b - a +0 dagger s - a +0 orcish dagger (in quiver) C - a cursed +0 elven dagger D - a cursed +0 orcish dagger Armor e - an uncursed +3 small shield (being worn) n - a cursed very rusty +0 orcish helm (being worn) Comestibles k - an uncursed food ration E - a cursed carrot F - 2 cursed eggs G - 6 cursed food rations H - 2 cursed oranges I - 3 cursed tripe rations Scrolls q - an uncursed scroll of destroy armor z - 2 cursed scrolls of magic mapping Potions t - a cursed potion of see invisible x - 2 cursed potions of gain ability A - 2 cursed potions of extra healing B - a potion of unholy water Rings u - a cursed ring of poison resistance Wands v - a cursed wand of magic missile (0:6) w - a cursed wand of undead turning (0:3) y - a cursed wand of speed monster (0:2) Tools h - a can of grease (0:16) Spells and supernatural/magical abilities: Name Level Category Fail Memory W - pray for help -- divine ? -- Your skills at the end: Fighting Skills Weapon Skills dagger [Basic] long sword [Basic] Spellcasting Skills Final Attributes: You were piously aligned. You were cold resistant. You were stealthy. You are dead. Vanquished creatures: a ghost a shrieker a floating eye a kobold lord a giant bat a monkey a wererat an iguana an acid blob 3 geckos 6 jackals a kobold 3 goblins 2 sewer rats 6 grid bugs 2 lichens 8 newts 40 creatures vanquished. Voluntary challenges: You had been an atheist until turn 2682. You used a wielded weapon 40 times, starting on turn 61. You read items or engraved 4 times, starting on turn 226. You never genocided any monsters. You never polymorphed an object. You never changed form. You used no wishes. You never split a pudding. You never wrote Elbereth's name. You never violated your personal moral code. Dungeon overview: The Dungeons of Doom: levels 1 to 6 Level 1 a long staircase Level 2 a general store, a fountain Level 3 a general store Level 4 an altar to Loki, a fountain stairs to The Gnomish Mines Level 5 <- You were here a fountain Level 6 The Gnomish Mines: Level 5 stairs to The Dungeons of Doom History has recorded: On T:1 you entered the Dungeons of Doom to retrieve the Amulet of Yendor! On T:348 you reached level 2 of The Dungeons of Doom. On T:791 you reached level 3 of The Dungeons of Doom. On T:939 you advanced to experience level 2. On T:1261 you reached level 4 of The Dungeons of Doom. On T:1286 you advanced to experience level 3. On T:1562 you reached level 1 of The Gnomish Mines. On T:1888 you reached level 5 of The Dungeons of Doom. On T:2202 you advanced to experience level 4. On T:2604 you reached level 6 of The Dungeons of Doom. Score breakdown: Gold: 1006 (10215 points) Experience: 4 levels ( 9649 points) Exploration: 6 levels ( 12.50%) ( 9784 points) Discoveries: 8 items ( 3.25%) ( 5410 points) Valuables value: (no points given unless you survive) Artifact value: 0 ( 0 points) Variety of kills: 17 monsters ( 4.46%) ( 6336 points) Turncount: 2685 turns ( -436 points) Survival: died (score multiplied by 80%) Total score: 32766 Latest messages: Your orcish helm rusts! Your orcish helm rusts further! An endless stream of snakes pours forth! The water moccasin just misses! The water moccasin bites! (2x) The water moccasin's bite was poisoned! The water moccasin bites! (2x) The water moccasin's bite was poisoned! You can't write on the water! You begin praying to Tyr. You are surrounded by a shimmering light. The water moccasin starts to attack you, but pulls back. (20x) You feel that Tyr is well-pleased. You miss the water moccasin. The water moccasin bites! (3x) The water moccasin's bite was poisoned! You feel weaker! You die... Final status: Farvel Elbereth the Valkyrie, killed by a water moccasin... You died in The Dungeons of Doom on dungeon level 5 with 32766 points, and 1006 pieces of gold, after 2685 moves. You were level 4 with a maximum of 43 hit points when you died.